Map: Abiogenesis LE

Players

Raemmboh

  • Race: Zerg Zerg
  • League: Gold
  • Spawn Location: 5:00

A.I. 1 (Very Easy) - Winner!

  • Race: Zerg Zerg
  • Spawn Location: 11:00

VOD

Have the link to the VOD?

Description

Time

  • Played on: March 29, 2019, 7:38 a.m.
  • Length: 3:34
Show
View Real Time Build Order
Export as new Build Order

Raemmboh Zerg 

Build Orders: Pool First 

Get SALT Encoding   

  12  0:01  Drone  
  13  0:08  Drone  
  14  0:17  Overlord  
  14  0:23  Extractor  
  14  0:24  Drone  
  15  0:40  Spawning Pool  
  14  0:43  Drone  
  14  0:47  Drone  
  16  0:51  Drone  
  17  0:59  Extractor  
  17  1:01  Drone  
  17  1:08  Drone  
  18  1:27  Drone  
  18  1:29  Hatchery  
  18  1:37  Queen  
  20  1:42  Overlord  
  20  1:46  Drone  
  21  1:50  Drone  
  23  2:01  Zergling x2  
  23  2:13  Queen  
  23  2:14  Metabolic Boost  
  25  2:22  Zergling x4  
  27  2:37  Zergling x2  
  28  2:44  Overlord  
  28  2:46  Zergling x2  
  29  2:58  Zergling x8  
  33  3:08  Zergling x4  
  35  3:16  Drone x2  
Show
View Real Time Build Order
Export as new Build Order

A.I. 1 (Very Easy) Zerg - Winner!

Build Orders: Hatch First 

Get SALT Encoding   

  12  0:01  Drone  
  13  0:12  Overlord  
  13  0:16  Drone  
  14  0:44  Hatchery  
  14  0:45  Drone  
  14  1:04  Spawning Pool  
  14  1:06  Drone  
  14  1:11  Extractor  
  14  1:14  Drone  
  14  1:22  Overlord  
  14  1:51  Zergling x2  
  14  1:52  Queen  
  14  1:53  Zergling x2  
  18  1:58  Roach Warren  
  17  2:04  Drone  
  18  2:10  Extractor  
  18  2:14  Drone  
  18  2:19  Zergling x2  
  19  2:25  Drone  
  20  2:32  Drone  
  21  2:39  Drone  
  22  2:46  Drone  
  23  2:53  Drone  
  24  3:01  Drone  
  25  3:06  Roach  
  25  3:08  Drone  
  28  3:16  Overlord  
  28  3:19  Drone  
Tags
 
League
Gold
Matchup
ZvZ
Race
Zerg
Spawn Locations
Cross Positions
Add a new tag
Caveats
  • Supply blocks, unpowered buildings, or Contaminate may cause inaccurate times.
  • Supply counts are checked every 10 seconds.